 Dungeon Crawl Stone Soup version 0.29.1-2-gbd0b4ee654 (webtiles) character file.

Game seed: 16936064117908874838

128 safid the Shooter (level 4, -11/41 HPs)
             Began as a Minotaur Hunter on Nov 15, 2022.
             Mangled by an ogre
             ... wielding a +0 giant spiked club
              (13 damage)
             ... on level 4 of the Dungeon.
             The game lasted 00:03:47 (2009 turns).

safid the Shooter (Minotaur Hunter)                 Turns: 2009, Time: 00:03:48

Health: -11/41     AC:  6    Str: 16    XL:     4   Next: 86%
Magic:  3/3        EV: 12    Int:  6    God:
Gold:   52         SH:  0    Dex: 15    Spells: 3/3 levels left

rFire   . . .      SeeInvis .   a - +0 shortbow
rCold   . . .      Faith    .   (shield currently unavailable)
rNeg    . . .      Spirit   .   c - +0 leather armour
rPois   .          Reflect  .   l - +2 hat
rElec   .          Harm     .   h - +0 cloak
rCorr   .          Rampage  .   (no gloves)
Will    .....                   (no boots)
Stlth   +.........              (no amulet)
HPRegen 0.13/turn               (no ring)
MPRegen 0.08/turn               (no ring)

@: no status effects
A: horns 2, retaliatory headbutt
a: no special abilities


You were on level 4 of the Dungeon.
You visited 1 branch of the dungeon, and saw 4 of its levels.

You collected 96 gold pieces.
You spent 44 gold pieces at shops.

Inventory:

Hand Weapons
 a - a +0 shortbow (weapon)
Armour
 c - a +0 leather armour (worn)
 h - a +0 cloak (worn)
 l - a +2 hat (worn)
Scrolls
 b - 2 scrolls of immolation
 d - 4 scrolls of enchant armour {unknown}
 f - 3 scrolls of identify {unknown}
 i - a scroll of butterflies {unknown}
 k - a scroll of poison {unknown}
 n - a scroll of teleportation {unknown}
 p - a scroll of enchant weapon {unknown}
 q - a scroll of fear {unknown}
Potions
 e - 3 potions of degeneration
 g - 3 potions of mutation {unknown}
 j - a potion of haste {unknown}
 m - a potion of lignification {unknown}
 o - a potion of curing
 r - a potion of brilliance {unknown}


   Skills:
 + Level 4.7 Fighting
 + Level 5.7 Ranged Weapons
 - Level 2.1 Dodging
 - Level 0.7 Stealth


You had 3 spell levels left.
You didn't know any spells.
Your spell library contained the following spells:

 Spells                   Type           Power      Damage    Failure   Level
 Gell's Gravitas          Tloc           0%         N/A       88%         3
 Teleport Other           Tloc           0%         N/A       88%         3
 Dispersal                Tloc           0%         N/A       100%        6


Dungeon Overview and Level Annotations

Branches:
Dungeon (4/15)
 Temple: D:4-7

Altars:

Shops:
D:2 !


Innate Abilities, Weirdness & Mutations

You have a pair of horns on your head.
You reflexively headbutt those who attack you in melee.


Message History

No target in view!
You see here a +0 club.
An ogre comes into view. It is wielding a +0 giant spiked club.
You shoot an arrow. The arrow barely misses the ogre.
The ogre shouts!
No target in view!
An ogre is nearby!
You shoot an arrow. The arrow hits the ogre.
The ogre is lightly wounded.
You shoot an arrow. The arrow barely misses the ogre.
You shoot an arrow. The arrow hits the ogre!
The ogre is heavily wounded.
The ogre hits you with a +0 giant spiked club!!
Ouch! That really hurt!
You are too injured to fight recklessly!
You are too injured to fight recklessly!
You are too injured to fight recklessly!
You are too injured to fight recklessly!
Unknown command.
Fire: a) +0 shortbow
Press: ? - help, Q - select action Shift-Dir - straight line, f/p - ogre
Aim: an ogre, wielding a +0 giant spiked club (heavily wounded, 77% to hit)
You shoot an arrow. The arrow hits the ogre.
The ogre is heavily wounded.
Unknown command.
Fire: a) +0 shortbow
Press: ? - help, Q - select action Shift-Dir - straight line, f/p - ogre
Aim: an ogre, wielding a +0 giant spiked club (heavily wounded, 77% to hit)
You shoot an arrow. The arrow hits the ogre.
The ogre is severely wounded.
The ogre hits you with a +0 giant spiked club!
* * * LOW HITPOINT WARNING * * *
Fire: a) +0 shortbow
Press: ? - help, Q - select action Shift-Dir - straight line, f/p - ogre
Aim: an ogre, wielding a +0 giant spiked club (severely wounded, 77% to hit)
You shoot an arrow.
The arrow hits the ogre but does no damage.
The ogre is severely wounded.
The ogre hits you with a +0 giant spiked club!
You die...

#.# #.....#.# #
#.###.#####.#
#.....# #..
###.#.## #....
#....####....
###.......#.# ###
#...#####.#
##.###.........#
##.#@##.....#####
#.###O....###
##.#.##...#
##.####.<# #.#
#..'. #.# #..#.
#.# #.†# #.# ..#
..# ..#


You could see an ogre.

Vanquished Creatures
  4 adders
  A worm (D:3)
  3 dart slugs
  An orc (D:3)
  6 ball pythons
  6 endoplasms
  4 giant cockroaches
  6 goblins
  10 hobgoblins
  14 jackals
  3 quokkas (D:1)
  A bat (D:2)
  6 frilled lizards
  2 kobolds
  6 rats
73 creatures vanquished.

Notes
Turn   | Place    | Note
-------+----------+-------------------------------------------
     0 | D:1      | safid the Minotaur Hunter began the quest for the Orb.
     0 | D:1      | Reached XP level 1. HP: 18/18 MP: 0/0
    25 | D:1      | Found a faded altar of an unknown god.
    97 | D:1      | Reached XP level 2. HP: 25/25 MP: 1/1
   450 | D:1      | Reached XP level 3. HP: 31/31 MP: 2/2
   454 | D:1      | Reached skill level 5 in Ranged Weapons
  1007 | D:2      | Reached XP level 4. HP: 37/40 MP: 3/3
  1293 | D:2      | Found Kococuach's Distillery.
  1298 | D:2      | Bought a potion of degeneration for 11 gold pieces
  1298 | D:2      | Bought a potion of curing for 33 gold pieces
  1613 | D:3      | Identified the +1 robe "Zuel" {Dex+9}
  2001 | D:4      | Noticed an ogre
  2008 | D:4      | HP: 2/41 [ogre/+0 giant spiked club (12)]
  2009 | D:4      | Mangled by an ogre

Illustrated notes

Levels and vault maps discovered:
D:1:      heliophobic_arrival_enchanted_forest, layout_basic,
          basic_ecumenical_altar
D:2:      layout_rooms, serial_shops, nicolae_shop_hallway_plus,
          columned_hall_lemuel
D:3:      layout_rooms, amcnicky_mini_rare_corridor_liquid, nicolae_hexahallways
D:4:      layout_loops_ring, kennysheep_little_box,
          mainiacjoe_overflow_alcove_4, overflow_temple_1_default,
          minmay_temple_entry_waves

Skill      XL: |  1  2  3 |
---------------+----------+-----
Fighting       | 3 4 |  4.7
Ranged Weapons | 5 |  5.7
Dodging        | |  2.1
Stealth        | |  0.7

Action                   |  1- 3 |  4- 6 || total
-------------------------+-------+-------++-------
 Fire: Shortbow          |    94 |    76 ||   170
Armor: Leather armour    |     7 |     5 ||    12
Dodge: Dodged            |    36 |    13 ||    49
